 Dungeon Sprint DCSS version 0.17-a0-1625-g47e540b (webtiles) character file.

33720 Kidiri the Peltast (level 13, -6/100 HPs)
             Began as a Gargoyle Fighter on Aug 2, 2015.
             Was a High Priest of Okawaru.
             Mangled by a flayed ghost (23 damage)
             ... in the Dungeon (Sprint IX: "|||||||||||||||||||||||||||||").
             The game lasted 00:25:50 (5278 turns).

Kidiri the Peltast (Gargoyle Fighter)               Turns: 5278, Time: 00:25:51

Health: -6/100     AC:  5    Str: 28    XL:     13   Next: 72%
Magic:  20/20      EV: 13    Int: 10    God:    Okawaru [*****.]
Gold:   1554       SH: 27    Dex: 17    Spells: 0 memorised, 12 levels left

rFire  + . .     SeeInvis +     B - +0 morningstar
rCold  + . .     Clarity  .     C - +0 chain mail "Asmerap" {rC+ Str+4}
rNeg   + . .     SustAt   .     g - +1 large shield
rPois  ∞         Gourm    .     a - +0 helmet {SInv}
rElec  +         Spirit   .     A - +2 cloak
rCorr  +         Warding  .     z - +0 pair of gloves
rMut   .         NoTele   +     F - +1 pair of boots
MR     .....                    b - amulet of resist corrosion
Stlth  ++........               t - +3 ring of dexterity
                                s - +3 ring of dexterity

@: heroism, corroded equipment, not resistant to hostile enchantments,
unstealthy
A: see invisible, breathe flames 1, clever 1, fire resistance 1, low mp 1,
negative energy resistance 1, electricity resistance, unbreathing, evolution 1,
petrification resistance, rot immunity, AC +9
a: Heroism, Finesse, Renounce Religion, Breathe Fire


You were in the Dungeon.
You worshipped Okawaru.
Okawaru was extremely pleased with you.
You were not hungry.

You visited 1 branch You collected 1903 gold pieces.
You spent 349 gold pieces at shops.

Inventory:

Hand weapons
 B - a +0 morningstar (weapon)
Armour
 a - a +0 helmet of see invisible (worn)
 e - a +3 scale mail of magic resistance
 g - a +1 large shield (worn)
 z - a +0 pair of gloves (worn)
 A - a +2 cloak (worn)
 C - the +0 chain mail "Asmerap" (worn) {rC+ Str+4}
   (You bought it in a shop in the Dungeon)

   It affects your strength (+4).
   It protects you from cold.
 F - a +1 pair of boots (worn)
 K - the +2 hat "Feniz" {Dex+4}
   (Okawaru gifted it to you in the Dungeon)

   It affects your dexterity (+4).
Jewellery
 b - an amulet of resist corrosion (around neck)
 q - an uncursed ring of protection from fire
 s - a +3 ring of dexterity (left hand)
 t - a +3 ring of dexterity (right hand)
 y - an uncursed ring of protection from cold
 D - an uncursed ring of ice
 E - an uncursed ring of protection from fire
Magical devices
 p - a wand of draining (7)
Scrolls
 k - 4 scrolls of blinking
 n - 5 scrolls of remove curse
 o - 2 scrolls of amnesia
 u - a scroll of silence
 v - a scroll of fog
 w - a scroll of identify
 H - a scroll of fear
 I - a scroll of recharging
Potions
 d - a potion of might
 f - 3 potions of curing
 h - 2 potions of haste
 i - 4 potions of magic
 j - 2 potions of berserk rage
 m - a potion of invisibility
 G - a potion of cure mutation
Comestibles
 l - 40 fruits
 r - 12 bread rations
 x - 10 meat rations


   Skills:
 * Level 19.1(24.1) Fighting
 + Level 13.0(18.0) Maces & Flails
 * Level 19.0(24.0) Armour
 + Level 6.4(11.4) Stealth
 * Level 19.2(24.2) Shields
 + Level 12.7 Invocations


You had 12 spell levels left.
You didn't know any spells.

Dungeon Overview and Level Annotations

Branches:
Dungeon (1/1)

Altars:
Cheibriados
Dithmenos
Elyvilon
Fedhas
Gozag
Kikubaaqudgha
Makhleb
Nemelex Xobeh
Okawaru
Qazlal
Ru
Sif Muna
Trog
Vehumet
Xom
Yredelemnul
Zin
The Shining One
Beogh
Jiyva
Lugonu

Shops:
D *(*?


Innate Abilities, Weirdness & Mutations

You are resistant to torment.
Your stone body is resilient (AC +9).
You are immune to poison.
You resist negative energy.
You are resistant to electric shocks.
You can survive without breathing.
You are immune to petrification.
You are immune to rotting.
You have supernaturally acute eyesight.
You can breathe flames.
Your mind is acute. (Int +2)
Your flesh is heat resistant.
Your magical capacity is low (-10% MP).
You evolve.


Message History

The flayed ghost is moderately damaged.
The flayed ghost hits you!!
* * * LOW HITPOINT WARNING * * *
You hit the flayed ghost but do no damage.
The flayed ghost is moderately damaged.
You hit the flayed ghost but do no damage.
The flayed ghost is moderately damaged.
You block the flayed ghost's attack.
You miss the flayed ghost.
The flayed ghost is moderately damaged.
The flayed ghost closely misses you.
You sock the flayed ghost!
The flayed ghost is moderately damaged.
Your chain mail "Asmerap" prevents you from hitting the flayed ghost.
The flayed ghost is moderately damaged.
You block the flayed ghost's attack.
You sock the flayed ghost!
The flayed ghost is heavily damaged.
The flayed ghost hits you!!
You die...

'▓.▓.▓.▓.▓.▓.▓.▓.▓
.▓.▓.▓.▓.▓.▓.▓.▓.▓
.▓.▓.▓.▓'▓.▓.▓.▓.▓
.▓.▓.▓.▓.▓.▓.▓.▓.▓
.▓.▓.▓.▓.▓.▓.▓.▓.▓
.▓.▓.▓.▓.▓.▓.▓.▓.▓
[▓.▓)▓.▓.▓.▓.▓.▓.▓
.▓.▓)▓)▓.▓.▓%▓.▓.▓
.▓.▓)▓.▓)▓.▓%▓.▓@▓
.▓.▓.▓.▓)▓.▓.▓.▓W▓
.▓.▓.▓.▓)▓.▓%▓.▓p▓
.▓.▓.▓.▓)▓.▓.▓.▓C▓
.▓.▓.▓.▓)▓.▓.▓.▓D▓
.▓.▓.▓.▓)▓.▓.▓.▓D▓
'▓.▓.▓.▓)▓.▓.▓.▓.▓
.▓.▓[▓.▓)▓.▓.▓.▓.▓
.▓.▓.▓.▓.▓.▓.▓.▓.▓


You could see a fire giant, a fire dragon, an ice dragon, an entropy weaver and
a flayed ghost.

Vanquished Creatures
  2 fire giants (D)
  A stone giant (D)
  A merfolk impaler (D)
  A fire dragon (D)
  A rakshasa (D)
  A yaktaur captain (D)
  2 entropy weavers (D)
  A merfolk avatar (D)
  An alligator snapping turtle (D)
  A merfolk aquamancer (D)
  8 orc high priests (D)
  2 deep troll earth magi (D)
  2 shock serpents (D)
  A naga sharpshooter (D)
  A salamander mystic (D)
  A hell knight (D)
  A hill giant (D)
  2 unseen horrors (D)
  2 spriggan druids (D)
  2 sea snakes (D)
  An orb spider (D)
  A guardian serpent (D)
  Maurice (D)
  3 black mambas (D)
  3 spiny frogs (D)
  A komodo dragon (D)
  A demonic crawler (D)
  A merfolk (D)
  2 giant leeches (D)
  A boulder beetle (D)
  A wyvern (D)
  A snapping turtle (D)
  4 blink frogs (D)
  A redback (D)
  A hippogriff (D)
  A water elemental (D)
  A spriggan (D)
  Eustachio (D)
  A tarantella (D)
  2 yaks (D)
  A mottled dragon (D)
  Grum (D)
  A vampire mosquito (D)
  4 wolves (D)
  An insubstantial wisp (D)
  3 water moccasins (D)
  2 nagas (D)
  3 porcupines (D)
  9 orc warriors (D)
  A phantom (D)
  2 wasps (D)
  An ice beast (D)
  A black bear (D)
  2 sky beasts (D)
  An ogre (D)
  7 giant frogs (D)
  A wight (D)
  7 orc priests (D)
  2 worker ants (D)
  A sheep (D)
  3 adders (D)
  A shadow imp (D)
  A giant gecko (D)
  16 orcs (D)
  2 bats (D)
  A quokka (D)
  A giant gecko zombie (D)
  A jackal skeleton (D)
  2 kobolds (D)
  A rat (D)
143 creatures vanquished.

Vanquished Creatures (others)
  A ghost moth (D)
  A fire dragon (D)
  A hornet (D)
  A spiny frog (D)
  A demonic crawler (D)
  A bog body (D)
  A swamp drake (D)
7 creatures vanquished.

Grand Total: 150 creatures vanquished

Notes
Turn   | Place    | Note
--------------------------------------------------------------
     0 | D        | Kidiri the Gargoyle Fighter began the quest for the Orb.
     0 | D        | Reached XP level 1. HP: 14/14 MP: 1/1
   168 | D        | Noticed a sky beast
   170 | D        | Reached skill level 4 in Fighting
   170 | D        | Reached XP level 2. HP: 17/20 MP: 2/2
   205 | D        | Killed a sky beast
   205 | D        | Reached skill level 6 in Fighting
   205 | D        | Reached XP level 3. HP: 11/27 MP: 3/3
   205 | D        | Reached XP level 4. HP: 13/32 MP: 4/4
   231 | D        | Gained mutation: Your flesh is heat resistant. [mutagenic meat]
   232 | D        | Gained mutation: You are weak. (Str -2) [mutagenic meat]
   233 | D        | Gained mutation: You have supernaturally acute eyesight. [mutagenic meat]
   234 | D        | Gained mutation: Your mind is acute. (Int +2) [mutagenic meat]
   235 | D        | Gained mutation: You evolve. [mutagenic meat]
   244 | D        | Found a glowing silver altar of Zin.
   244 | D        | Found a glowing golden altar of the Shining One.
   244 | D        | Found an ancient bone altar of Kikubaaqudgha.
   244 | D        | Found a basalt altar of Yredelemnul.
   244 | D        | Found a shimmering altar of Xom.
   244 | D        | Found a radiant altar of Vehumet.
   245 | D        | Found an iron altar of Okawaru.
   246 | D        | Found a burning altar of Makhleb.
   247 | D        | Found a deep blue altar of Sif Muna.
   248 | D        | Found a bloodstained altar of Trog.
   249 | D        | Found a sparkling altar of Nemelex Xobeh.
   250 | D        | Found a white marble altar of Elyvilon.
   251 | D        | Found a roughly hewn altar of Beogh.
   252 | D        | Found a viscous altar of Jiyva.
   253 | D        | Became a worshipper of Warmaster Okawaru
   254 | D        | Found a corrupted altar of Lugonu.
   255 | D        | Found a blossoming altar of Fedhas.
   256 | D        | Found a snail-covered altar of Cheibriados.
   257 | D        | Found a shadowy altar of Dithmenos.
   258 | D        | Found a stormy altar of Qazlal.
   259 | D        | Found an opulent altar of Gozag.
   260 | D        | Found a sacrificial altar of Ru.
   306 | D        | Noticed a sky beast
   306 | D        | Noticed an ogre
   306 | D        | Noticed a phantom
   306 | D        | Noticed a hippogriff
   317 | D        | Killed a sky beast
   317 | D        | Reached skill level 7 in Fighting
   317 | D        | Reached XP level 5. HP: 24/38 MP: 5/5
   323 | D        | Killed an ogre
   323 | D        | Acquired Okawaru's first power
   323 | D        | Reached skill level 8 in Fighting
   323 | D        | Reached skill level 5 in Maces & Flails
   323 | D        | Reached XP level 6. HP: 19/44 MP: 6/6
   340 | D        | Killed a phantom
   340 | D        | Reached skill level 9 in Shields
   354 | D        | Killed a hippogriff
   354 | D        | Reached XP level 7. HP: 40/51 MP: 7/7
   420 | D        | Noticed a worker ant
   420 | D        | Noticed a wight
   420 | D        | Noticed an ice beast
   420 | D        | Noticed a wyvern
   420 | D        | Noticed a worker ant
   429 | D        | Killed a worker ant
   440 | D        | Killed a wight
   440 | D        | Reached skill level 1 in Invocations
   449 | D        | Killed an ice beast
   449 | D        | Reached skill level 10 in Fighting
   449 | D        | Reached skill level 10 in Shields
   458 | D        | Killed a wyvern
   458 | D        | Reached skill level 10 in Armour
   458 | D        | Reached XP level 8. HP: 36/58 MP: 8/10
   462 | D        | Killed a worker ant
   682 | D        | Noticed a water moccasin
   682 | D        | Noticed a black bear
   682 | D        | Noticed a giant frog
   682 | D        | Noticed a spiny frog
   682 | D        | Noticed a water moccasin
   682 | D        | Noticed a blink frog
   687 | D        | Noticed a porcupine
   694 | D        | Killed a water moccasin
   698 | D        | Noticed a porcupine
   701 | D        | Killed a black bear
   708 | D        | Noticed a giant frog
   718 | D        | Killed a spiny frog
   718 | D        | Reached skill level 11 in Fighting
   720 | D        | Killed a giant frog
   730 | D        | Killed a water moccasin
   739 | D        | Killed a porcupine
   751 | D        | Killed a porcupine
   751 | D        | Reached XP level 9. HP: 29/64 MP: 12/12
   754 | D        | Killed a giant frog
   771 | D        | Killed a blink frog
   948 | D        | Noticed a black mamba
   948 | D        | Noticed a porcupine
   948 | D        | Noticed a wolf
   948 | D        | Noticed a komodo dragon
   948 | D        | Noticed a yak
   951 | D        | Noticed a yak
   960 | D        | Killed a black mamba
   960 | D        | Reached skill level 12 in Fighting
   960 | D        | Reached skill level 5 in Invocations
   961 | D        | Killed a porcupine
   964 | D        | Noticed a water moccasin
   966 | D        | Noticed a blink frog
   981 | D        | Killed a wolf
  1308 | D        | Killed a komodo dragon
  1318 | D        | Killed a yak
  1331 | D        | Killed a yak
  1334 | D        | Killed a water moccasin
  1577 | D        | Killed a blink frog
  1577 | D        | Acquired Okawaru's second power
  1577 | D        | Reached skill level 13 in Shields
  1577 | D        | Reached XP level 10. HP: 72/72 MP: 14/14
  1795 | D        | Noticed a blink frog
  1795 | D        | Noticed a giant leech
  1795 | D        | Noticed a giant frog
  1795 | D        | Noticed a giant leech
  1795 | D        | Noticed a spiny frog
  1795 | D        | Noticed a giant frog
  1796 | D        | Noticed a spiny frog
  1819 | D        | Killed a blink frog
  1836 | D        | Noticed a giant frog
  1838 | D        | Killed a giant leech
  1840 | D        | Killed a giant frog
  1859 | D        | Killed a giant leech
  1869 | D        | Killed a spiny frog
  1877 | D        | Killed a spiny frog
  1877 | D        | Received a gift from Okawaru
  1883 | D        | Killed a giant frog
  1886 | D        | Killed a giant frog
  2213 | D        | Noticed an orc warrior
  2220 | D        | Noticed an orc priest
  2232 | D        | Killed an orc warrior
  2249 | D        | Killed an orc priest
  2284 | D        | Noticed an orc warrior
  2301 | D        | Killed an orc warrior
  2491 | D        | Noticed an orc warrior
  2491 | D        | Noticed an orc warrior
  2491 | D        | Noticed an orc warrior
  2491 | D        | Noticed an orc warrior
  2491 | D        | Noticed an orc warrior
  2492 | D        | Noticed an orc priest
  2501 | D        | Killed an orc warrior
  2506 | D        | Noticed an orc warrior
  2512 | D        | Killed an orc warrior
  2518 | D        | Killed an orc warrior
  2532 | D        | Killed an orc warrior
  2532 | D        | Reached skill level 14 in Shields
  2534 | D        | Noticed an orc warrior
  2545 | D        | Killed an orc warrior
  2554 | D        | Killed an orc warrior
  2562 | D        | Killed an orc warrior
  2566 | D        | Killed an orc priest
  2767 | D        | Found Idghi's General Store.
  2767 | D        | Noticed an orc high priest
  2767 | D        | Noticed an orc high priest
  2767 | D        | Noticed an orc high priest
  2767 | D        | Noticed an orc high priest
  2767 | D        | Noticed an orc high priest
  2770 | D        | Noticed a rust devil
  2774 | D        | Killed an orc high priest
  2777 | D        | Noticed an orc high priest
  2785 | D        | Found Maghakle's Antique Weapon Shoppe.
  2785 | D        | Noticed an orc high priest
  2796 | D        | Noticed a sixfirhy
  2798 | D        | Noticed a sixfirhy
  2798 | D        | Noticed a rust devil
  2862 | D        | Killed an orc high priest
  2862 | D        | Reached XP level 11. HP: 56/80 MP: 17/17
  2868 | D        | Killed an orc high priest
  2872 | D        | Lost mutation: You are weak. (Str -2) [evolution]
  2895 | D        | Killed an orc high priest
  2895 | D        | Reached skill level 10 in Maces & Flails
  2909 | D        | Killed an orc high priest
  2909 | D        | Reached skill level 15 in Fighting
  2909 | D        | Reached skill level 15 in Armour
  2909 | D        | Reached skill level 15 in Shields
  3012 | D        | Killed an orc high priest
  3019 | D        | Killed an orc high priest
  3328 | D        | Noticed an orc priest
  3332 | D        | Killed an orc priest
  3356 | D        | Found Nomit's Assorted Antiques.
  3360 | D        | Found Ychiosh's Magic Scroll Shoppe.
  3362 | D        | Noticed an orc priest
  3363 | D        | Noticed an orc priest
  3364 | D        | Noticed an orc priest
  3365 | D        | Noticed an orc priest
  3366 | D        | Noticed an orc high priest
  3367 | D        | Killed an orc priest
  3369 | D        | Killed an orc priest
  3371 | D        | Killed an orc priest
  3374 | D        | Killed an orc priest
  3380 | D        | Killed an orc high priest
  3380 | D        | Received a gift from Okawaru
  3412 | D        | Bought a shiny helmet for 112 gold pieces
  3412 | D        | Bought a spiked chain mail for 237 gold pieces
  3434 | D        | Identified the cursed +0 chain mail "Asmerap" {rC+ Str+4} (You bought it in a shop in the Dungeon)
  3560 | D        | Noticed Maurice
  3592 | D        | Killed Maurice
  3618 | D        | Noticed Eustachio
  3625 | D        | Killed Eustachio
  3725 | D        | Noticed a giant frog
  3725 | D        | Noticed a mottled dragon
  3725 | D        | Noticed a giant frog
  3729 | D        | Noticed an unseen horror
  3732 | D        | Killed a giant frog
  3736 | D        | Noticed a hill giant
  3738 | D        | Noticed a rakshasa
  3744 | D        | Killed a mottled dragon
  3761 | D        | Killed a rakshasa
  3761 | D        | Reached skill level 16 in Fighting
  3764 | D        | Killed a giant frog
  3768 | D        | Noticed an entropy weaver
  3771 | D        | Killed an unseen horror
  3777 | D        | Killed a hill giant
  3777 | D        | Reached skill level 10 in Invocations
  3777 | D        | Reached XP level 12. HP: 81/88 MP: 13/19
  3789 | D        | Killed an entropy weaver
  3790 | D        | Noticed a deep troll earth mage
  3794 | D        | Noticed a fire giant
  3796 | D        | Noticed a deep troll earth mage
  3800 | D        | Noticed a hell knight
  3805 | D        | Noticed a yaktaur captain
  3805 | D        | Killed a deep troll earth mage
  3827 | D        | Killed a fire giant
  3835 | D        | Killed a deep troll earth mage
  3835 | D        | Received a gift from Okawaru
  3847 | D        | Killed a yaktaur captain
  3847 | D        | Reached skill level 17 in Fighting
  3855 | D        | Killed a hell knight
  4102 | D        | Noticed a wolf
  4107 | D        | Killed a wolf
  4111 | D        | Noticed Grum
  4113 | D        | Noticed a wolf
  4114 | D        | Noticed a wolf
  4121 | D        | Killed Grum
  4125 | D        | Killed a wolf
  4126 | D        | Killed a wolf
  4195 | D        | Noticed a tarantella
  4195 | D        | Noticed a redback
  4195 | D        | Noticed an orb spider
  4195 | D        | Noticed a ghost moth
  4195 | D        | Noticed a hornet
  4195 | D        | Noticed a demonic crawler
  4197 | D        | Killed a tarantella
  4198 | D        | Noticed a boulder beetle
  4201 | D        | Killed a redback
  4202 | D        | Noticed a demonic crawler
  4208 | D        | Killed an orb spider
  4211 | D        | Noticed a wasp
  4213 | D        | Killed a demonic crawler
  4216 | D        | Killed a hornet
  4217 | D        | Killed a ghost moth
  4235 | D        | Killed a boulder beetle
  4241 | D        | Killed a demonic crawler
  4245 | D        | Killed a wasp
  4258 | D        | Gained mutation: Your magical capacity is low (-10% MP). [mutagenic meat]
  4262 | D        | Gained mutation: Your spells are a little harder to cast, but a little more powerful. [mutagenic meat]
  4263 | D        | Lost mutation: Your spells are a little harder to cast, but a little more powerful. [mutagenic meat]
  4345 | D        | Noticed a vampire mosquito
  4345 | D        | Noticed a spriggan druid
  4345 | D        | Noticed an insubstantial wisp
  4345 | D        | Noticed a spriggan rider
  4345 | D        | Noticed a spriggan druid
  4345 | D        | Noticed a swamp drake
  4350 | D        | Killed a spriggan druid
  4352 | D        | Noticed a bog body
  4355 | D        | Killed a vampire mosquito
  4356 | D        | Killed an insubstantial wisp
  4357 | D        | Noticed a blink frog
  4357 | D        | Killed a spiny frog
  4358 | D        | Killed a swamp drake
  4363 | D        | Killed a wasp
  4364 | D        | Killed a spriggan
  4368 | D        | Killed a bog body
  4370 | D        | Killed a spriggan druid
  4378 | D        | Killed a blink frog
  4402 | D        | Noticed a snapping turtle
  4402 | D        | Noticed a merfolk aquamancer
  4402 | D        | Noticed a sea snake
  4402 | D        | Noticed a sea snake
  4402 | D        | Noticed an alligator snapping turtle
  4402 | D        | Noticed a merfolk avatar
  4405 | D        | Noticed a merfolk impaler
  4411 | D        | Killed a snapping turtle
  4412 | D        | Noticed a water elemental
  4419 | D        | Killed a merfolk aquamancer
  4419 | D        | Reached skill level 1 in Stealth
  4420 | D        | Noticed a merfolk
  4440 | D        | Killed an alligator snapping turtle
  4440 | D        | Reached skill level 18 in Shields
  4440 | D        | Reached XP level 13. HP: 43/97 MP: 13/19
  4448 | D        | Killed a sea snake
  4455 | D        | Killed a sea snake
  4467 | D        | Killed a merfolk avatar
  4473 | D        | Killed a merfolk impaler
  4477 | D        | Killed a water elemental
  4486 | D        | Killed a merfolk
  4486 | D        | Received a gift from Okawaru
  4496 | D        | Got an ichor-stained hat {god gift}
  4507 | D        | Identified the +2 hat "Feniz" {Dex+4} (Okawaru gifted it to you in the Dungeon)
  4576 | D        | Noticed a black mamba
  4580 | D        | Killed a black mamba
  4683 | D        | Noticed a guardian serpent
  4683 | D        | Noticed a salamander mystic
  4683 | D        | Noticed a shock serpent
  4683 | D        | Noticed a shock serpent
  4683 | D        | Noticed a black mamba
  4685 | D        | Noticed a naga
  4688 | D        | Noticed a naga sharpshooter
  4692 | D        | Killed a guardian serpent
  4697 | D        | Noticed a naga
  4697 | D        | Killed a salamander mystic
  4713 | D        | Killed a shock serpent
  4728 | D        | Killed a shock serpent
  4736 | D        | Killed a black mamba
  4744 | D        | Killed a naga sharpshooter
  4744 | D        | Reached skill level 5 in Stealth
  4746 | D        | Killed a naga
  4750 | D        | Killed a naga
  4824 | D        | Gained mutation: You can breathe flames. [evolution]
  5050 | D        | Noticed an unseen horror
  5064 | D        | Killed an unseen horror
  5110 | D        | Noticed an entropy weaver
  5110 | D        | Noticed a stone giant
  5110 | D        | Noticed a fire giant
  5110 | D        | Noticed a fire dragon
  5110 | D        | Noticed a fire dragon
  5110 | D        | Noticed a flayed ghost
  5117 | D        | Noticed an entropy weaver
  5136 | D        | Killed an entropy weaver
  5143 | D        | Noticed a fire giant
  5172 | D        | Killed a stone giant
  5173 | D        | Noticed a fire dragon
  5187 | D        | Killed a fire giant
  5187 | D        | Reached skill level 19 in Shields
  5188 | D        | Noticed an ice dragon
  5226 | D        | Killed a fire dragon
  5257 | D        | Killed a fire dragon
  5278 | D        | Mangled by a flayed ghost

Vault maps used:
D:        linesprint

Action                   |  1- 3 |  4- 6 |  7- 9 | 10-12 | 13-15 || total
-------------------------+-------+-------+-------+-------+-------++-------
Melee: Flail             |    65 |    65 |   234 |   217 |       ||   581
       Morningstar       |       |       |       |   364 |   270 ||   634
Throw: Throwing net      |       |       |       |       |     1 ||     1
Invok: Heroism           |       |       |     1 |     6 |     2 ||     9
       Finesse           |       |       |       |     4 |     2 ||     6
  Use: Potion            |       |     2 |     3 |     7 |     1 ||    13
       Scroll            |       |       |     1 |     3 |       ||     4
 Stab: Confused          |       |       |       |     2 |       ||     2
  Eat: Chunk             |       |     6 |       |     7 |     2 ||    15
       Bread ration      |       |       |     1 |       |       ||     1
       Meat ration       |       |       |       |     1 |     1 ||     2
